 Dungeon Crawl Stone Soup version 0.30.0-17-ge0270778cf (webtiles) character file.

Game seed: 11076496526617039282

44 boopmooplesden the Poker (level 3, 0/33 HPs)
             Began as a Minotaur Berserker on May 21, 2023.
             Was a Follower of Trog.
             Slain by an orc priest
             ... wielding a +0 club
              (2 damage)
             ... on level 2 of the Dungeon.
             The game lasted 00:01:16 (961 turns).

boopmooplesden the Poker (Minotaur Berserker)        Turns: 961, Time: 00:01:17

Health: 0/33       AC:  3    Str: 23    XL:     3   Next: 39%
Magic:  2/2        EV: 12    Int:  4    God:    Trog [*.....]
Gold:   99         SH:  0    Dex:  9    Spells: 2/2 levels left

rFire   + . .        c - +0 trident
rCold   x . .        (no shield)
rNeg    . . .        b - +0 animal skin
rPois   .            (helmet restricted)
rElec   .            (no cloak)
rCorr   .            h - +0 pair of gloves
SInv    .            (no boots)
Will    .....        (no amulet)
Stlth   +            d - ring of fire
HPRegen 0.25/turn    (no ring)
MPRegen 0.08/turn

%: no passive effects
@: no status effects
A: horns 2, retaliatory headbutt
a: Renounce Religion, Berserk


You were on level 2 of the Dungeon.
You worshipped Trog.
Trog was aware of your devotion.
You visited 1 branch of the dungeon, and saw 2 of its levels.

You collected 99 gold pieces.

Inventory:

Hand Weapons
 a - a +0 spear
 c - a +0 trident (weapon)
Armour
 b - a +0 animal skin (worn)
 h - a +0 pair of gloves (worn)
Jewellery
 d - a ring of fire (left hand)
Scrolls
 e - a scroll of identify {unknown}
 j - a scroll of fog {unknown}
 k - a scroll of magic mapping
Potions
 f - a potion of invisibility {unknown}
 g - a potion of curing {unknown}
 i - 2 potions of attraction {unknown}


   Skills:
 + Level 4.2 Fighting
 + Level 4.4 Polearms
 + Level 2.7 Armour
 + Level 2.7 Dodging


You had 2 spell levels left.
You didn't know any spells.
Your spell library was empty.

Dungeon Overview and Level Annotations

Branches:
Dungeon (2/15)

Altars:


Innate Abilities, Weirdness & Mutations

You have a pair of horns on your head.
You reflexively headbutt those who attack you in melee.


Message History

The orc priest invokes the aid of Beogh against you.
Beogh smites you!
You closely miss the hobgoblin. The hobgoblin closely misses you.
You furiously retaliate!
You headbutt the hobgoblin!
You kill the hobgoblin!
Trog accepts your kill.
An orc comes into view. It is wielding a +0 club.
The orc priest calls down the wrath of Beogh upon you.
Pain shoots through your body! 2 orcs come into view.
An orc is wielding a +2 flail of venom.
The orc shouts! x2
The orc priest hits you with a +0 club. The orc priest closely misses you.
The orc moves out of view.
You see here a hobgoblin corpse.
You puncture the orc priest!
The orc priest is heavily wounded.
The orc priest closely misses you. The orc priest hits you with a +0 club.
* * * LOW HITPOINT WARNING * * *
You hit the orc priest but do no damage.
Your headbutt misses the orc priest.
The orc priest is heavily wounded.
The orc priest hits you with a +0 club.
* * * LOW HITPOINT WARNING * * *
The orc priest hits you but does no damage.
You closely miss the orc priest.
The orc priest is heavily wounded.
The orc priest miscasts a cantrip.
The orc completely misses you.
The orc priest looks braver for a moment.
You hit the orc priest but do no damage.
You headbutt the orc priest, but do no damage.
The orc priest is heavily wounded.
The orc priest misses you. You furiously retaliate!
You headbutt the orc priest. The orc barely misses you.
The orc priest hits you with a +0 club.
* * * LOW HITPOINT WARNING * * *
You barely miss the orc priest.
The orc priest is almost dead.
The orc priest hits you with a +0 club.
You die...

#........#
#......†.......#
#.......##
#..#############
##.....## #..#
##...######..#
##..........#
##########.# #.#
#.# #@#


#.oooo# #...o.# #...... #.....## ......# ##.....# #.....# You could see 2 orc
priests and 3 orcs.

Vanquished Creatures
  2 adders (D:2)
  A dart slug (D:1)
  2 endoplasms
  A giant cockroach (D:1)
  2 goblins (D:1)
  4 hobgoblins
  3 jackals (D:1)
  2 quokkas
  A bat (D:1)
  A frilled lizard (D:1)
  3 kobolds (D:1)
22 creatures vanquished.

Notes
Turn   | Place    | Note
-------+----------+-------------------------------------------
     0 | D:1      | boopmooplesden the Minotaur Berserker began the quest for
                  | the Orb.
     0 | D:1      | Reached XP level 1. HP: 19/19 MP: 0/0
   275 | D:1      | Reached XP level 2. HP: 24/27 MP: 1/1
   707 | D:2      | Reached XP level 3. HP: 33/33 MP: 2/2
   961 | D:2      | Slain by an orc priest

Illustrated notes

Levels and vault maps discovered:
D:1:      minmay_arrival_stone_box, layout_loops_ring
D:2:      layout_loops_corners

Skill      XL: |  1  2 |
---------------+-------+-----
Polearms       | 4 |  4.4
Fighting       | 4 |  4.2
Armour         | |  2.7
Dodging        | |  2.7

Action                     || total
---------------------------++-------
  Melee: Spear             ||    12
         Trident           ||    41
         Headbutt          ||     7
    Use: Scroll            ||     2
 Armour: Animal skin       ||    16
  Dodge: Dodged            ||    42
